NCAA
BOSTON COLLEGE EAGLES @ TENNESSEE VOLUNTEERS
05/08/2028
 
TOP OF THE 1ST
Boston College Eagles batting - Pitching for Tennessee Volunteers : RHP Vincent Hunter
Pitching: RHP Vincent Hunter
Batting: RHB Jason Sears 0-0: Ball
1-0: Called Strike
1-1: Swinging Strike
1-2: Ball
2-2: Ball
3-2: Foul Ball, location: 2F
3-2: Strikes out looking
Batting: SHB Dwight Hill 0-0: Ball
1-0: Called Strike
1-1: Fly out, F8 (Line Drive, 8RM)
Batting: SHB Marvin MacGeoch 0-0: Ball
1-0: Ball
2-0: Foul Ball, location: 2F
2-1: Ball
3-1: Foul Ball, location: 2F
3-2: Base on Balls
Batting: LHB Rafael Yan 0-0: Ball
1-0: Called Strike
1-1: Foul Ball, location: 2F
1-2: Ball
2-2: Ground out 1-3 (Groundball, 13S)
Top of the 1st over - 0 run(s), 0 hit(s), 0 error(s), 1 left on base; Boston College 0 - Tennessee 0
BOTTOM OF THE 1ST
Tennessee Volunteers batting - Pitching for Boston College Eagles : RHP Tom Love
Pitching: RHP Tom Love
Batting: RHB Danny Scott 0-0: Ball
1-0: Ball
2-0: Ball
3-0: Called Strike
3-1: Base on Balls
Batting: RHB José Torres 0-0: Called Strike
0-1: Ball
1-1: Ball
2-1: Ball
Danny Scott steals 2nd base
3-1: Foul Ball, location: 2F
3-2: Ground out 6-3 (Groundball, 6D)
Batting: RHB César García 0-0: Ball
Danny Scott steals 3rd base
1-0: Called Strike
1-1: Swinging Strike
1-2: Ball
2-2: Strikes out looking
Batting: LHB Alfredo Cantú 0-0: Foul Ball, location: 2F
0-1: SINGLE (Line Drive, 8RS)
Danny Scott scores
Batting: RHB Ralph Fitzgerald 0-0: Called Strike
0-1: Ball
1-1: Foul Ball, location: 2F
1-2: Foul Ball, location: 2F
1-2: Foul Ball, location: 2F
1-2: Ball
2-2: Foul Ball, location: 2F
2-2: Fly out, F9 (Flyball, 89S)
Bottom of the 1st over - 1 run(s), 1 hit(s), 0 error(s), 1 left on base; Boston College 0 - Tennessee 1
TOP OF THE 2ND
Boston College Eagles batting - Pitching for Tennessee Volunteers : RHP Vincent Hunter
Batting: RHB Ed Gómez 0-0: Ball
1-0: Ball
2-0: Called Strike
2-1: Fly out, F9 (Line Drive, 9S)
Batting: RHB Justin Waterston 0-0: Ball
1-0: DOUBLE (Line Drive, 9LM)
Batting: SHB Héctor Arteago 0-0: Called Strike
0-1: Ball
1-1: Ground out U3 (Groundball, 3S)
Justin Waterston to third
Batting: SHB Walt Gómez 0-0: Fly out, F9 (Line Drive, 9)
Top of the 2nd over - 0 run(s), 1 hit(s), 0 error(s), 1 left on base; Boston College 0 - Tennessee 1
BOTTOM OF THE 2ND
Tennessee Volunteers batting - Pitching for Boston College Eagles : RHP Tom Love
Batting: SHB Jared Calhoun 0-0: Ball
1-0: Ball
2-0: Foul Ball, location: 2F
2-1: Ball
3-1: Base on Balls
Batting: RHB Bruce Carr 0-0: Fielders Choice at 2nd, 4-6 (Groundball, 4)
Batting: RHB Chris Harper 0-0: Ball
1-0: Ball
Bruce Carr steals 2nd base
2-0: Ball
3-0: Base on Balls
Batting: RHB Lorne McClain 0-0: Ball
1-0: Ball
2-0: Foul Ball, location: 2F
2-1: Fielders Choice at 2nd, 4-6 (Groundball, 4)
Bruce Carr to third
Batting: RHB Danny Scott 0-0: Ball
1-0: Ball
2-0: Called Strike
2-1: Fielders Choice at 2nd, 5-4 (Groundball, 56)
Bottom of the 2nd over - 0 run(s), 0 hit(s), 0 error(s), 1 left on base; Boston College 0 - Tennessee 1
TOP OF THE 3RD
Boston College Eagles batting - Pitching for Tennessee Volunteers : RHP Vincent Hunter
Batting: RHB Alan Mercado 0-0: Called Strike
0-1: Ball
1-1: Foul Ball, location: 2F
1-2: Strikes out swinging
Batting: RHB Jason Sears 0-0: Fly out, F8 (Flyball, 8RS)
Batting: SHB Dwight Hill 0-0: Foul Ball, location: 2F
0-1: SINGLE (Groundball, 56D)
Batting: SHB Marvin MacGeoch 0-0: SINGLE (Line Drive, 34)
Dwight Hill to second
Batting: LHB Rafael Yan 0-0: Called Strike
0-1: Ball
1-1: Ball
2-1: Foul Ball, location: 2F
2-2: Ball
3-2: DOUBLE (Line Drive, 9LM)
Dwight Hill scores
Marvin MacGeoch to third
Marvin MacGeoch scores
Batting: RHB Ed Gómez 0-0: Ball
1-0: Swinging Strike
1-1: Swinging Strike
1-2: Strikes out swinging
Top of the 3rd over - 2 run(s), 3 hit(s), 0 error(s), 1 left on base; Boston College 2 - Tennessee 1
BOTTOM OF THE 3RD
Tennessee Volunteers batting - Pitching for Boston College Eagles : RHP Tom Love
Batting: RHB José Torres 0-0: Ball
1-0: Foul Ball, location: 2F
1-1: Ball
2-1: Foul Ball, location: 2F
2-2: Hit by Pitch
Batting: RHB César García 0-0: Ball
1-0: Ball
2-0: Called Strike
2-1: Foul Ball, location: 2F
2-2: Ball
3-2: Grounds into double play, 6-4-3 (Groundball, 6)
Batting: LHB Alfredo Cantú 0-0: Foul Ball, location: 2F
0-1: Ball
1-1: Foul Ball, location: 2F
1-2: Ball
2-2: Strikes out swinging
Bottom of the 3rd over - 0 run(s), 0 hit(s), 0 error(s), 0 left on base; Boston College 2 - Tennessee 1
TOP OF THE 4TH
Boston College Eagles batting - Pitching for Tennessee Volunteers : RHP Vincent Hunter
Batting: RHB Justin Waterston 0-0: Ball
1-0: Called Strike
1-1: Foul Ball, location: 2F
1-2: Foul Ball, location: 2F
1-2: Strikes out swinging
Batting: SHB Héctor Arteago 0-0: Called Strike
0-1: Called Strike
0-2: SINGLE (Flyball, 78S)
Batting: SHB Walt Gómez 0-0: Ball
1-0: Called Strike
1-1: Ball
2-1: SINGLE (Groundball, 4D)
Héctor Arteago to second
Runner from 2nd tries for 3rd, SAFE, throw made to third
Batting: RHB Alan Mercado 0-0: Ball
1-0: Called Strike
1-1: Called Strike
1-2: Ball
2-2: Foul Ball, location: 2F
2-2: Strikes out swinging
Batting: RHB Jason Sears 0-0: Ball
1-0: Ball
2-0: Foul Ball, location: 2F
2-1: Ball
3-1: Fly out, F8 (Flyball, 8LM)
Top of the 4th over - 0 run(s), 2 hit(s), 0 error(s), 2 left on base; Boston College 2 - Tennessee 1
BOTTOM OF THE 4TH
Tennessee Volunteers batting - Pitching for Boston College Eagles : RHP Tom Love
Batting: RHB Ralph Fitzgerald 0-0: Swinging Strike
0-1: SINGLE (Groundball, 34D)
Batting: SHB Jared Calhoun 0-0: Ball
1-0: Called Strike
1-1: 2-RUN HOME RUN (Flyball, 89XD), Distance : 382 ft
Batting: RHB Bruce Carr 0-0: Called Strike
0-1: Called Strike
0-2: Strikes out swinging
Batting: RHB Chris Harper 0-0: Foul Ball, location: 2F
0-1: Fly out, F4 (Popup, 34)
Batting: RHB Lorne McClain 0-0: Called Strike
0-1: Foul Ball, location: 2F
0-2: Ball
1-2: Strikes out swinging
Bottom of the 4th over - 2 run(s), 2 hit(s), 0 error(s), 0 left on base; Boston College 2 - Tennessee 3
TOP OF THE 5TH
Boston College Eagles batting - Pitching for Tennessee Volunteers : RHP Vincent Hunter
Batting: SHB Dwight Hill 0-0: Foul Ball, location: 2F
0-1: Called Strike
0-2: Ball
1-2: Foul Ball, location: 2F
1-2: Foul Ball, location: 2F
1-2: Strikes out looking
Batting: SHB Marvin MacGeoch 0-0: Ball
1-0: Ball
2-0: Ball
3-0: Base on Balls
Pitching: RHP Miguel Muñóz
Batting: LHB Rafael Yan 0-0: Called Strike
0-1: Swinging Strike
0-2: Ball
1-2: Ball
2-2: Strikes out swinging
Batting: RHB Ed Gómez 0-0: Ball
1-0: Fly out, F3 (Popup, 3S)
Top of the 5th over - 0 run(s), 0 hit(s), 0 error(s), 1 left on base; Boston College 2 - Tennessee 3
BOTTOM OF THE 5TH
Tennessee Volunteers batting - Pitching for Boston College Eagles : RHP Tom Love
Batting: RHB Danny Scott 0-0: SOLO HOME RUN (Flyball, 7D), Distance : 351 ft
Batting: RHB José Torres 0-0: Ball
1-0: Ball
2-0: Called Strike
2-1: Called Strike
2-2: Foul Ball, location: 2F
2-2: Ground out 4-3 (Groundball, 4)
Pitching: RHP Mike Heath
Batting: RHB César García 0-0: Called Strike
0-1: Ball
1-1: Fly out, F8 (Flyball, 8RM)
Batting: LHB Alfredo Cantú 0-0: Ball
1-0: Called Strike
1-1: SINGLE (Line Drive, 8RS)
Batting: RHB Ralph Fitzgerald 0-0: Ball
Pickoff Throw to First - Out!
Bottom of the 5th over - 1 run(s), 2 hit(s), 0 error(s), 0 left on base; Boston College 2 - Tennessee 4
TOP OF THE 6TH
Boston College Eagles batting - Pitching for Tennessee Volunteers : RHP Miguel Muñóz
Batting: RHB Justin Waterston 0-0: Called Strike
0-1: Foul Ball, location: 2F
0-2: Ball
1-2: Ball
2-2: Foul Ball, location: 2F
2-2: Ball
3-2: Foul Ball, location: 2F
3-2: Base on Balls
Batting: SHB Héctor Arteago 0-0: Swinging Strike
0-1: Called Strike
0-2: Foul Ball, location: 2F
0-2: Foul Ball, location: 2F
0-2: Foul Ball, location: 2F
0-2: SINGLE (Groundball, 56D)
Justin Waterston to second
Batting: SHB Walt Gómez 0-0: Foul Ball, location: 2F
0-1: Fly out, F9 (Flyball, 9)
Batting: RHB Alan Mercado 0-0: Ball
1-0: Ball
2-0: Ground out 5-3 (Groundball, 56S)
Justin Waterston to third
Héctor Arteago to second
Batting: RHB Jason Sears 0-0: Ball
1-0: Ground out 6-3 (Groundball, 6)
Top of the 6th over - 0 run(s), 1 hit(s), 0 error(s), 2 left on base; Boston College 2 - Tennessee 4
BOTTOM OF THE 6TH
Tennessee Volunteers batting - Pitching for Boston College Eagles : RHP Mike Heath
Batting: RHB Ralph Fitzgerald 0-0: Called Strike
0-1: Swinging Strike
0-2: Ball
1-2: Foul Ball, location: 2F
1-2: Foul Ball, location: 2F
1-2: Strikes out looking
Batting: SHB Jared Calhoun 0-0: Ball
1-0: SOLO HOME RUN (Line Drive, 8RXD), Distance : 405 ft
Batting: RHB Bruce Carr 0-0: Called Strike
0-1: Ball
1-1: Foul Ball, location: 2F
1-2: Strikes out swinging
Batting: RHB Chris Harper 0-0: Called Strike
0-1: Ball
1-1: Ball
2-1: Ball
3-1: Base on Balls
Batting: RHB Lorne McClain 0-0: Ball
1-0: Called Strike
Chris Harper steals 2nd base
1-1: Called Strike
1-2: Ball
2-2: Ball
3-2: Base on Balls
Batting: RHB Danny Scott Balk!
Chris Harper to third
Lorne McClain to second
0-0: Called Strike
0-1: Foul Ball, location: 2F
0-2: Ground out 6-3 (Groundball, 6)
Bottom of the 6th over - 1 run(s), 1 hit(s), 0 error(s), 2 left on base; Boston College 2 - Tennessee 5
TOP OF THE 7TH
Boston College Eagles batting - Pitching for Tennessee Volunteers : RHP Miguel Muñóz
Batting: SHB Dwight Hill 0-0: Ball
1-0: Foul Ball, location: 2F
1-1: Foul Ball, location: 2F
1-2: Foul Ball, location: 2F
1-2: Ball
2-2: Strikes out swinging
Batting: SHB Marvin MacGeoch 0-0: Foul Ball, location: 2F
0-1: Ball
1-1: Called Strike
1-2: Ball
2-2: Ground out 4-3 (Groundball, 4)
Pitching: RHP Daryl Sharp
Batting: LHB Rafael Yan 0-0: Foul Ball, location: 2F
0-1: Foul Ball, location: 2F
0-2: Ball
1-2: SINGLE (Line Drive, 6MD)
Batting: RHB Ed Gómez 0-0: Ball
1-0: Ball
2-0: Foul Ball, location: 2F
2-1: Ball
3-1: SINGLE (Groundball, 6D)
Rafael Yan to second
Batting: RHB Justin Waterston 0-0: Foul Ball, location: 2F
0-1: Foul Ball, location: 2F
0-2: Fielders Choice at 2nd, 5-4 (Groundball, 56)
Top of the 7th over - 0 run(s), 2 hit(s), 0 error(s), 1 left on base; Boston College 2 - Tennessee 5
BOTTOM OF THE 7TH
Tennessee Volunteers batting - Pitching for Boston College Eagles : RHP Mike Heath
Batting: RHB José Torres 0-0: Ground out U3 (Groundball, 3L)
Batting: RHB César García 0-0: Ball
1-0: Ball
2-0: Ball
3-0: Base on Balls
Pitching: LHP Juan Cuestas
Batting: LHB Alfredo Cantú 0-0: Fly out, F7 (Flyball, 7S)
Batting: RHB Ralph Fitzgerald 0-0: Ball
César García steals 2nd base
1-0: Ball
2-0: Ball
3-0: Called Strike
3-1: Foul Ball, location: 2F
3-2: Base on Balls
Batting: SHB Jared Calhoun 0-0: Called Strike
0-1: Ball
1-1: Ball
2-1: Foul Ball, location: 2F
2-2: Ball
3-2: Base on Balls
César García to third
Ralph Fitzgerald to second
Batting: RHB Bruce Carr 0-0: Called Strike
0-1: Ball
1-1: Ground out 4-3 (Groundball, 4S)
Bottom of the 7th over - 0 run(s), 0 hit(s), 0 error(s), 3 left on base; Boston College 2 - Tennessee 5
TOP OF THE 8TH
Boston College Eagles batting - Pitching for Tennessee Volunteers : RHP Daryl Sharp
Batting: SHB Héctor Arteago 0-0: Fly out, F7 (Flyball, 7)
Batting: SHB Walt Gómez 0-0: Ball
1-0: Ball
2-0: Foul Ball, location: 2F
2-1: Ball
3-1: Called Strike
3-2: Strikes out looking
Batting: RHB Alan Mercado 0-0: Called Strike
0-1: Ball
1-1: Called Strike
1-2: Foul Ball, location: 2F
1-2: Ball
2-2: Foul Ball, location: 2F
2-2: Foul Ball, location: 2F
2-2: Strikes out swinging
Top of the 8th over - 0 run(s), 0 hit(s), 0 error(s), 0 left on base; Boston College 2 - Tennessee 5
BOTTOM OF THE 8TH
Tennessee Volunteers batting - Pitching for Boston College Eagles : LHP Juan Cuestas
Batting: RHB Chris Harper 0-0: Called Strike
0-1: Foul Ball, location: 2F
0-2: Ball
1-2: Ball
2-2: Foul Ball, location: 2F
2-2: Ball
3-2: Foul Ball, location: 2F
3-2: Foul Ball, location: 2F
3-2: Base on Balls
Batting: RHB Lorne McClain 0-0: Foul Ball, location: 2F
0-1: Ball
1-1: Ball
2-1: Bunt - Flyout! F1
Batting: RHB Danny Scott 0-0: Ball
Chris Harper is caught stealing 2nd base
1-0: Ball
2-0: SINGLE (Line Drive, 8LS)
Batting: RHB José Torres 0-0: Ball
1-0: Ball
2-0: Fly out, F8 (Flyball, 8LM)
Bottom of the 8th over - 0 run(s), 1 hit(s), 0 error(s), 1 left on base; Boston College 2 - Tennessee 5
TOP OF THE 9TH
Boston College Eagles batting - Pitching for Tennessee Volunteers : RHP Daryl Sharp
Pitching: LHP Tony Féliz
Batting: RHB Jason Sears 0-0: Foul Ball, location: 2F
0-1: Swinging Strike
0-2: Ball
1-2: SOLO HOME RUN (Flyball, 7LD), Distance : 339 ft
Batting: SHB Dwight Hill 0-0: Ball
1-0: Ball
2-0: Ball
3-0: Base on Balls
Pinch Hitting: RHB Julián Hernández 0-0: Ball
1-0: Ball
2-0: Ball
Wild Pitch!
Dwight Hill to second
3-0: Base on Balls
Batting: LHB Rafael Yan 0-0: Swinging Strike
0-1: Ball
1-1: Foul Ball, location: 2F
1-2: Foul Ball, location: 2F
1-2: Strikes out swinging
Batting: RHB Ed Gómez 0-0: Called Strike
0-1: Foul Ball, location: 2F
0-2: Ball
1-2: Ball
2-2: Strikes out looking
Pinch Hitting: RHB Fernando Rosales 0-0: Called Strike
0-1: Called Strike
0-2: Strikes out swinging
Top of the 9th over - 1 run(s), 1 hit(s), 0 error(s), 2 left on base; Boston College 3 - Tennessee 5
Tuesday, August 8th, 2017 - OOTP Baseball 17.12 Build 75